[Event "Titled Tuesday Blitz May 2 Late 2023"]
[White "Spitzl, Vinzent"]
[Black "Kubatko, Ivan"]
[WhiteFideId "12901253"]
[BlackFideId "24111473"]
[WhiteElo "2225"]
[BlackElo "2285"]
[Result "0-1"]
[Round "07"]
[TimeControl "180+2"]
[Date "2023.05.02"]
[WhiteClock "0:00:02"]
[BlackClock "0:00:04"]

1. e4 d5 2. exd5 Qxd5 3. Nf3 Nf6 4. d4 Bg4 5. Be2 Nc6 6. c4 Qf5 7. Be3 O-O-O 8. Nbd2 e5 9. d5 Bxf3 10. Bxf3 Nb4 11. O-O Nc2 12. Be4 Nxe4 13. Qxc2 Ng3 14. Qxf5+ Nxf5 15. Ne4 Be7 16. Rad1 Rhf8 17. Rfe1 Nxe3 18. fxe3 f5 19. Nc3 Bc5 20. Na4 Be7 21. a3 c6 22. Nc3 Kc7 23. Kf2 Bf6 24. g3 e4 25. Na4 Be7 26. b4 cxd5 27. cxd5 g5 28. Nc3 a6 29. Rc1 Kb8 30. Red1 Bf6 31. Ne2 Be5 32. Kg2 f4 33. gxf4 gxf4 34. exf4 Bxf4 35. Rc4 Bd6 36. Rxe4 Rg8+ 37. Kh1 Rc8 38. Rg1 Rgd8 39. Re6 Rc2 40. Nd4 Rxh2# 0-1


[Site "https://www.chess.com"]

[Event "Titled Tuesday Blitz May 2 Late 2023"]
[White "Rottenwohrer Suarez, Juan"]
[Black "Leenhouts, Koen"]
[WhiteFideId "32068182"]
[BlackFideId "1008439"]
[WhiteElo "2174"]
[BlackElo "2409"]
[Result "0-1"]
[Round "07"]
[TimeControl "180+2"]
[Date "2023.05.02"]
[WhiteClock "0:00:02"]
[BlackClock "0:00:49"]

1. d4 Nf6 2. c4 g6 3. Nc3 d5 4. cxd5 Nxd5 5. e4 Nxc3 6. bxc3 Bg7 7. Nf3 c5 8. Bb5+ Nd7 9. O-O O-O 10. Be3 a6 11. Be2 Qc7 12. h3 Nf6 13. Nd2 b5 14. a4 b4 15. cxb4 cxd4 16. Bxd4 Ng4 17. Bxg4 Bxd4 18. Rc1 Qa7 19. Nb3 Bb2 20. Rc2 Bg7 21. Nc5 Qb6 22. Bxc8 Raxc8 23. Nd7 Qxb4 24. Nxf8 Rxf8 25. Rc7 e6 26. Qc2 Be5 27. Rc4 Qb8 28. g3 Kg7 29. Kg2 Rd8 30. Rd1 h5 31. Rxd8 Qxd8 32. f4 Bf6 33. e5 Be7 34. h4 Qd5+ 35. Qe4 Qd2+ 36. Kh3 Qd1 37. Rc2 a5 38. Qe2 Qa1 39. Kg2 Qxa4 40. Rc7 Qb4 41. Qc2 a4 42. Ra7 a3 43. Qc7 Qe4+ 44. Kh3 Qh1# 0-1


[Site "https://www.chess.com"]

[Event "Titled Tuesday Blitz May 2 Late 2023"]
[White "D`Arruda, Ricardo D."]
[Black "Vovk, Orest"]
[WhiteFideId "100692"]
[BlackFideId "14113490"]
[WhiteElo "2271"]
[BlackElo "2215"]
[Result "0-1"]
[Round "07"]
[TimeControl "180+2"]
[Date "2023.05.02"]
[WhiteClock "0:00:02"]
[BlackClock "0:00:13"]

1. Nf3 Nf6 2. d4 e6 3. c4 Bb4+ 4. Nbd2 O-O 5. a3 Bxd2+ 6. Bxd2 a5 7. Bf4 a4 8. e3 Nc6 9. Qc2 d6 10. Be2 Qe7 11. c5 e5 12. cxd6 cxd6 13. dxe5 dxe5 14. Bg5 h6 15. Bh4 Bg4 16. O-O e4 17. Bxf6 gxf6 18. Nd4 Nxd4 19. exd4 Bxe2 20. Qxe2 f5 21. Qe3 Qg5 22. f4 Qg6 23. d5 Kh7 24. Rad1 Rg8 25. Rf2 Qg4 26. Rfd2 Rad8 27. h3 Qg6 28. Qe2 Qg3 29. d6 Qxf4 30. Rf1 Qe5 31. Qh5 Rxd6 32. Rxd6 Qxd6 33. Qxf7+ Rg7 34. Qxf5+ Qg6 35. Qxg6+ Kxg6 36. Rf4 Re7 37. Kf2 Re5 38. Ke3 Rb5 39. Rf2 Re5 40. Rd2 Kf5 41. Rf2+ Kg5 42. g3 h5 43. Rf4 Rb5 44. h4+ Kg6 45. Rf2 Rb3+ 46. Kxe4 Rxg3 47. Ke5 Re3+ 48. Kd5 Rb3 49. Ke5 b5 50. Ke6 Re3+ 51. Kd5 Rh3 52. Kc5 Rxh4 53. Kxb5 Rg4 0-1


[Site "https://www.chess.com"]

[Event "Titled Tuesday Blitz May 2 Late 2023"]
[White "Karttunen, Mika"]
[Black "Topalov, Aleksandar"]
[WhiteFideId "502081"]
[BlackFideId "925659"]
[WhiteElo "2396"]
[BlackElo "2151"]
[Result "1-0"]
[Round "07"]
[TimeControl "180+2"]
[Date "2023.05.02"]
[WhiteClock "0:01:47"]
[BlackClock "0:01:23"]

1. c4 Nf6 2. Nc3 g6 3. Nf3 Bg7 4. e4 O-O 5. d4 c5 6. d5 d6 7. h3 Na6 8. Be2 Nc7 9. O-O e5 10. Ne1 Nd7 11. Nd3 f5 12. f4 exf4 13. exf5 Rxf5 14. Bxf4 Qe7 15. Bg4 Rf8 16. Re1 Qf6 17. Be6+ Nxe6 18. dxe6 Ne5 19. Nd5 Qf5 20. Ne7+ 1-0


[Site "https://www.chess.com"]

[Event "Titled Tuesday Blitz May 2 Late 2023"]
[White "Nazaretyan, Tigran"]
[Black "Bryant, Todd"]
[WhiteFideId "24162345"]
[BlackFideId "2031299"]
[WhiteElo "2111"]
[BlackElo "2075"]
[Result "1-0"]
[Round "07"]
[TimeControl "180+2"]
[Date "2023.05.02"]
[WhiteClock "0:01:57"]
[BlackClock "0:00:17"]

1. d4 Nf6 2. c4 g6 3. Nc3 Bg7 4. e4 d6 5. Nf3 O-O 6. Be2 e5 7. O-O Nc6 8. d5 Ne7 9. b4 a5 10. bxa5 Rxa5 11. a4 Ne8 12. Nd2 f5 13. Ba3 b6 14. Bb4 Ra8 15. Nb5 Nf6 16. a5 bxa5 17. Bxa5 Rxa5 18. Rxa5 c6 19. Ra8 cxb5 20. cxb5 fxe4 21. Qb3 Qb6 22. Nc4 Qc5 23. b6 Bb7 24. Ra5 Qc8 25. Nxd6 Qb8 26. Nxb7 Qxb7 27. d6+ Ned5 28. Bc4 1-0


[Site "https://www.chess.com"]

[Event "Titled Tuesday Blitz May 2 Late 2023"]
[White "Meunier-Pion, Jean"]
[Black "Bogaudinov, Rushan"]
[WhiteFideId "20685327"]
[BlackFideId "4129288"]
[WhiteElo "2124"]
[BlackElo "1967"]
[Result "1-0"]
[Round "07"]
[TimeControl "180+2"]
[Date "2023.05.02"]
[WhiteClock "0:02:07"]
[BlackClock "0:00:54"]

1. d4 Nf6 2. c4 e6 3. g3 d5 4. Bg2 Bb4+ 5. Bd2 a5 6. Nf3 O-O 7. O-O dxc4 8. a3 Be7 9. e3 b5 10. Ne5 Nd5 11. e4 Nf6 12. Be3 a4 13. Nc3 c6 14. d5 Bb7 15. dxe6 fxe6 16. Bh3 Qc8 17. Ne2 Na6 18. Nf4 Nc7 19. Bb6 Nxe4 20. Bxc7 Qxc7 21. Bxe6+ Kh8 22. Nfg6+ hxg6 23. Nxg6+ 1-0


[Site "https://www.chess.com"]

[Event "Titled Tuesday Blitz May 2 Late 2023"]
[White "Ardila, Oscar Humberto"]
[Black "Bayo Milagro, Alvaro"]
[WhiteFideId "4404742"]
[BlackFideId "22275240"]
[WhiteElo "1918"]
[BlackElo "2270"]
[Result "0-1"]
[Round "07"]
[TimeControl "180+2"]
[Date "2023.05.02"]
[WhiteClock "0:00:11"]
[BlackClock "0:00:52"]

1. d4 Nf6 2. c4 g6 3. Nc3 Bg7 4. Nf3 d6 5. e3 O-O 6. Be2 Nbd7 7. O-O e5 8. Qc2 Re8 9. b3 e4 10. Nd2 Qe7 11. Nd5 Nxd5 12. cxd5 Nf6 13. Bb5 Rf8 14. Bc4 Bf5 15. a4 h5 16. h3 h4 17. Re1 g5 18. Ba3 Bg6 19. Rac1 Rac8 20. b4 g4 21. hxg4 Nxg4 22. Be2 Nh6 23. Qd1 Qg5 24. Kh1 Bf5 25. Nf1 h3 26. Ng3 Bg4 27. b5 Qh4 28. Kg1 hxg2 29. Kxg2 Qh3+ 30. Kg1 Bxe2 31. Qxe2 Ng4 32. Nf1 Bf6 33. f3 exf3 34. Qc2 f2+ 0-1


[Site "https://www.chess.com"]

[Event "Titled Tuesday Blitz May 2 Late 2023"]
[White "Tsyhanchuk, Stanislav"]
[Black "Remolar Gallen, Jose"]
[WhiteFideId "13505130"]
[BlackFideId "2215187"]
[WhiteElo "2173"]
[BlackElo "2223"]
[Result "1-0"]
[Round "07"]
[TimeControl "180+2"]
[Date "2023.05.02"]
[WhiteClock "0:00:22"]
[BlackClock "0:00:04"]

1. c4 g6 2. Nc3 Bg7 3. e4 d6 4. d4 Nc6 5. Nge2 e5 6. d5 Nce7 7. g3 f5 8. Bg2 Nf6 9. O-O O-O 10. f4 Nh5 11. fxe5 Bxe5 12. Nf4 Nxf4 13. Bxf4 Bxf4 14. Rxf4 fxe4 15. Rxf8+ Qxf8 16. Nxe4 Nf5 17. Qe2 Bd7 18. Rf1 Qg7 19. g4 Nd4 20. Qd3 Rf8 21. g5 Bf5 22. Bh3 Qe5 23. Bxf5 Rxf5 24. Nf6+ Kg7 25. Rxf5 Nxf5 26. Qe4 Nd4 27. Qxe5 dxe5 28. Ne8+ Kf7 29. Nxc7 Nf3+ 30. Kf2 Nxg5 31. Ke3 Ke7 32. Nb5 a6 33. Nc3 Kd6 34. Ne4+ Nxe4 35. Kxe4 a5 36. a3 b6 37. b4 axb4 38. axb4 g5 39. c5+ bxc5 40. bxc5+ Kxc5 41. Kxe5 g4 42. d6 1-0


[Site "https://www.chess.com"]

[Event "Titled Tuesday Blitz May 2 Late 2023"]
[White "Jodorcovsky Werjivker, Paulo"]
[Black "Tomaszewski, Kacper"]
[WhiteFideId "3700305"]
[BlackFideId "1127373"]
[WhiteElo "2120"]
[BlackElo "2211"]
[Result "0-1"]
[Round "07"]
[TimeControl "180+2"]
[Date "2023.05.02"]
[WhiteClock "0:00:03"]
[BlackClock "0:00:10"]

1. e4 d6 2. d4 Nf6 3. Nc3 e5 4. Nf3 Nbd7 5. h3 Be7 6. Be3 c6 7. Qd2 h6 8. Be2 Qc7 9. O-O-O b5 10. Bd3 a5 11. g4 Nh7 12. h4 a4 13. Ne1 b4 14. Nb1 c5 15. dxc5 dxc5 16. Bb5 Nf6 17. g5 Nxe4 18. Qd5 Rb8 19. Qxe4 Rxb5 20. Qc4 Rb8 21. gxh6 gxh6 22. Rg1 Nb6 23. Qe4 Be6 24. Nd3 Nd7 25. f4 f5 26. Qg2 e4 27. Ne5 Nxe5 28. fxe5 a3 29. Qg6+ Bf7 30. Qxf5 Bxa2 31. e6 Bd6 32. Qg6+ Kd8 33. Qf6+ Kc8 34. Rxd6 axb2+ 35. Kxb2 Qxd6 36. Qxh8+ Kb7 37. Qg7+ Kb6 38. Kxa2 Ra8+ 39. Kb2 Qd5 40. e7 Ra2+ 41. Kc1 Rxc2+ 42. Kxc2 Qd3+ 43. Kb2 b3 0-1


[Site "https://www.chess.com"]

[Event "Titled Tuesday Blitz May 2 Late 2023"]
[White "Srdanovic, Jovana"]
[Black "Womacka, Mathias"]
[WhiteFideId "954810"]
[BlackFideId "4611390"]
[WhiteElo "2145"]
[BlackElo "2377"]
[Result "0-1"]
[Round "07"]
[TimeControl "180+2"]
[Date "2023.05.02"]
[WhiteClock "0:00:03"]
[BlackClock "0:00:45"]

1. d4 Nf6 2. c4 e6 3. Nc3 Bb4 4. f3 O-O 5. a3 Bxc3+ 6. bxc3 Ne8 7. Nh3 b6 8. e4 Ba6 9. Bd3 Nc6 10. O-O Na5 11. Qe2 d5 12. cxd5 Bxd3 13. Qxd3 exd5 14. e5 f6 15. Bf4 Nc4 16. Rae1 fxe5 17. Bxe5 Ned6 18. Nf4 Nxe5 19. dxe5 Rxf4 20. exd6 Qxd6 21. Re3 Rf7 22. Rfe1 c5 23. Re6 Qd7 24. g3 Rd8 25. f4 g6 26. Qe3 d4 27. cxd4 Qxd4 28. Qxd4 Rxd4 29. Re8+ Kg7 30. R8e6 Rfd7 31. Re8 Rd1 32. Kf2 Rxe1 33. Kxe1 Kf7 34. Rh8 Ke6 35. Ke2 Kd5 36. Kd3 b5 37. Kc3 a5 38. Ra8 b4+ 39. Kb3 c4+ 40. Ka4 b3 41. Rxa5+ Kd4 0-1


[Site "https://www.chess.com"]

[Event "Titled Tuesday Blitz May 2 Late 2023"]
[White "Shapiro, Viktor"]
[Black "Dovbnia, Nikita"]
[WhiteFideId "4175700"]
[BlackFideId "54104599"]
[WhiteElo "2152"]
[BlackElo "2076"]
[Result "1/2-1/2"]
[Round "07"]
[TimeControl "180+2"]
[Date "2023.05.02"]
[WhiteClock "0:00:15"]
[BlackClock "0:00:14"]

1. c4 e5 2. Nc3 Nc6 3. g3 d6 4. Bg2 g6 5. Rb1 Bg7 6. b4 a6 7. d3 f5 8. Bd2 Nf6 9. Nf3 O-O 10. O-O h6 11. a4 Be6 12. b5 axb5 13. axb5 Ne7 14. c5 Nfd5 15. cxd6 Qxd6 16. Nxd5 Bxd5 17. Bb4 Qe6 18. Bxe7 Qxe7 19. Nh4 Bxg2 20. Kxg2 Kh7 21. Qc2 Rfc8 22. e4 fxe4 23. dxe4 c6 24. Rfc1 cxb5 25. Qxc8 Rxc8 26. Rxc8 b4 27. Rc4 Bf8 28. Rcxb4 Qxb4 29. Rxb4 Bxb4 30. f4 Bc3 31. Nf3 b5 32. Kf1 b4 33. Ke2 Kg7 34. Kd3 Kf7 35. fxe5 Ke6 36. Kc4 g5 37. g4 Bxe5 38. Kxb4 Bxh2 39. Nxh2 Ke5 40. Kc4 Kxe4 41. Kc5 Kf4 42. Kd5 Kg3 43. Nf1+ Kxg4 44. Ke4 h5 45. Ne3+ Kg3 46. Nf5+ Kg4 47. Nh6+ Kh3 48. Kf5 g4 49. Kg5 g3 50. Kxh5 g2 51. Ng4 g1=Q 52. Nf6 Qc5+ 53. Kg6 Kh4 54. Ne4 Qe5 55. Nf6 Kg3 56. Nh5+ Kg4 57. Nf6+ Kf4 58. Nh5+ Ke4 59. Nf6+ Kf3 60. Kf7 Kf4 61. Kg6 Qg5+ 62. Kf7 Kf5 63. Nd7 Qg6+ 64. Ke7 Qe6+ 65. Kd8 Kg6 66. Nf8+ Kf7 67. Nxe6 1/2-1/2


[Site "https://www.chess.com"]

[Event "Titled Tuesday Blitz May 2 Late 2023"]
[White "Petrovic, Aleksa"]
[Black "Goltsev, Dmitry"]
[WhiteFideId "967629"]
[BlackFideId "24176710"]
[WhiteElo "2309"]
[BlackElo "2336"]
[Result "1-0"]
[Round "07"]
[TimeControl "180+2"]
[Date "2023.05.02"]
[WhiteClock "0:00:11"]
[BlackClock "0:00:01"]

1. d4 Nf6 2. c4 e6 3. Nf3 d5 4. Nc3 Bb4 5. Bg5 O-O 6. e3 h6 7. Bxf6 Qxf6 8. Qb3 Nc6 9. a3 Bxc3+ 10. Qxc3 Bd7 11. Be2 Ne7 12. cxd5 Nxd5 13. Qd2 Qg6 14. Ne5 Qxg2 15. Bf3 Qh3 16. O-O-O Ba4 17. Rdg1 Ne7 18. Rg3 Qh4 19. Rg4 Qf6 20. Rhg1 g6 21. e4 Kh7 22. Rf4 Qg7 23. Rh4 c5 24. Ng4 Ng8 25. e5 Rfd8 26. d5 exd5 27. Rg3 Bd7 28. Qf4 g5 29. Nf6+ Nxf6 30. exf6 Qf8 31. Qxg5 Bf5 32. Qxf5+ Kh8 33. Qg5 1-0


[Site "https://www.chess.com"]

[Event "Titled Tuesday Blitz May 2 Late 2023"]
[White "Eisa Mohmood, Alkhoori"]
[Black "Bjelobrk, Igor"]
[WhiteFideId "9316116"]
[BlackFideId "4300726"]
[WhiteElo "1310"]
[BlackElo "2335"]
[Result "0-1"]
[Round "07"]
[TimeControl "180+2"]
[Date "2023.05.02"]
[WhiteClock "0:01:45"]
[BlackClock "0:02:28"]

1. e4 e6 2. d4 d5 3. Nd2 c5 4. exd5 Qxd5 5. Ngf3 cxd4 6. Bc4 Qd7 7. O-O Nc6 8. Nb3 a6 9. Nbxd4 Nxd4 10. Nxd4 Nf6 11. Re1 Bc5 12. c3 b5 13. Bxe6 fxe6 14. Rxe6+ Qxe6 15. Nxe6 Bxe6 16. Bg5 O-O 17. Qe2 Bc4 18. Qc2 Ng4 19. Bh4 Nxf2 20. Bxf2 Rxf2 21. Qe4 Re2+ 22. Qd4 Bxd4+ 0-1


[Site "https://www.chess.com"]

[Event "Titled Tuesday Blitz May 2 Late 2023"]
[White "Suvorov, Luca"]
[Black "Ezat, Mohamed"]
[WhiteFideId "12977071"]
[BlackFideId "10600906"]
[WhiteElo "2202"]
[BlackElo "2386"]
[Result "1-0"]
[Round "07"]
[TimeControl "180+2"]
[Date "2023.05.02"]
[WhiteClock "0:00:28"]
[BlackClock "0:00:02"]

1. a3 d5 2. d4 Nf6 3. Nf3 Bf5 4. c4 e6 5. Nc3 c6 6. h3 Bd6 7. Nh4 Bg6 8. Nxg6 hxg6 9. Bg5 Nbd7 10. e3 Qc7 11. f4 Ne4 12. Nxe4 dxe4 13. Qg4 c5 14. d5 e5 15. f5 Qa5+ 16. Kf2 gxf5 17. Qxf5 Rh5 18. Qg4 g6 19. Bh4 Qd2+ 20. Be2 Rf5+ 21. Kg1 Qxe3+ 22. Kh2 Qf4+ 23. Bg3 Qd2 24. Rhf1 Nf6 25. Qh4 Rxf1 26. Rxf1 Ng8 27. Bg4 f5 28. Qh7 O-O-O 29. Bh4 e3 30. Bxd8 e4+ 31. Kh1 e2 32. Bxe2 Qxe2 33. Rg1 f4 34. Qxg8 f3 35. Be7+ 1-0


[Site "https://www.chess.com"]

[Event "Titled Tuesday Blitz May 2 Late 2023"]
[White "Perske, Thore"]
[Black "Vaglio Munoz, Jaime"]
[WhiteFideId "12902195"]
[BlackFideId "6500145"]
[WhiteElo "2336"]
[BlackElo "2199"]
[Result "0-1"]
[Round "07"]
[TimeControl "180+2"]
[Date "2023.05.02"]
[WhiteClock "0:00:39"]
[BlackClock "0:01:06"]

1. d4 c6 2. g3 b5 3. Bg2 d5 4. Nf3 Bf5 5. O-O h6 6. a4 b4 7. c4 e6 8. b3 Nf6 9. a5 a6 10. c5 Nbd7 11. Bf4 Nh5 12. Qd2 Nxf4 13. gxf4 Rb8 14. Ra4 Be7 15. Rxb4 O-O 16. Rb6 Nxb6 17. axb6 Bf6 18. Nc3 g5 19. fxg5 hxg5 20. Ra1 Qc8 21. Ne5 Kg7 22. Ra5 Rh8 23. Qa2 Ra8 24. Nd1 Rh4 25. e3 Bxe5 26. dxe5 Bd3 27. Nb2 Bb5 28. Bf1 Rb8 29. Bxb5 axb5 30. Nd3 Qh8 31. f4 gxf4 32. Nxf4 Rg8 33. Kh1 Qh7 34. b7 Kh8 35. Ra8 Qe4+ 36. Qg2 Qb1+ 0-1


[Site "https://www.chess.com"]

[Event "Titled Tuesday Blitz May 2 Late 2023"]
[White "Kula, Robert"]
[Black "Prem, Pranav"]
[WhiteFideId "1101218"]
[BlackFideId "30901057"]
[WhiteElo "2180"]
[BlackElo "1970"]
[Result "1-0"]
[Round "07"]
[TimeControl "180+2"]
[Date "2023.05.02"]
[WhiteClock "0:00:17"]
[BlackClock "0:00:03"]

1. d4 d5 2. c4 e6 3. Nc3 Nf6 4. Bg5 Be7 5. Nf3 O-O 6. e3 Nbd7 7. Qc2 h6 8. Bh4 b6 9. cxd5 exd5 10. Bd3 Bb7 11. O-O c5 12. Rac1 Rc8 13. Qe2 Re8 14. dxc5 bxc5 15. Rfd1 Qb6 16. Bb1 Nf8 17. b3 d4 18. Na4 Qe6 19. Bxf6 Qxf6 20. exd4 cxd4 21. Rxc8 Rxc8 22. Nxd4 Bd6 23. Nf5 Bb4 24. Qb5 Qc6 25. Qxc6 Bxc6 26. Nb2 Ne6 27. Nc4 Bb5 28. Ncd6 Rd8 29. Bc2 Bc6 30. Ne7+ Kf8 31. Nxc6 Rxd6 32. Nxb4 1-0


[Site "https://www.chess.com"]

[Event "Titled Tuesday Blitz May 2 Late 2023"]
[White "Liu, Eric"]
[Black "Ansh M Shah"]
[WhiteFideId "30960240"]
[BlackFideId "25033379"]
[WhiteElo "2094"]
[BlackElo "2084"]
[Result "1/2-1/2"]
[Round "07"]
[TimeControl "180+2"]
[Date "2023.05.02"]
[WhiteClock "0:00:53"]
[BlackClock "0:00:44"]

1. b3 Nf6 2. Bb2 Nc6 3. e3 d5 4. h4 h6 5. Be2 e6 6. c4 Bd6 7. cxd5 exd5 8. Nf3 Bg4 9. d3 O-O 10. Nbd2 Re8 11. a3 Qe7 12. O-O Rad8 13. Rc1 Bf5 14. b4 a6 15. Nb3 Ne5 16. Nfd4 Bc8 17. h5 Nfg4 18. g3 Qg5 19. Nf3 Nxf3+ 20. Bxf3 Qxh5 21. Bxg4 Bxg4 22. f3 Bh3 23. g4 Qh4 24. Qe1 Bg3 25. Qe2 Bxf1 26. Rxf1 b6 27. Ba1 Bd6 28. Rf2 Qg5 29. f4 Bxf4 30. exf4 Rxe2 31. fxg5 Rxf2 32. Kxf2 hxg5 33. Nd4 c5 34. bxc5 bxc5 35. Nc6 Rd6 36. Ne7+ Kf8 37. Nf5 Rb6 38. Bxg7+ Ke8 39. Be5 Kd7 40. Ke3 Rb3 41. Bf6 c4 42. Bxg5 Rxd3+ 43. Ke2 Rxa3 44. Bf6 Rd3 45. g5 a5 46. Nd4 a4 47. Nf3 Ke6 48. Ne5 Rb3 49. Nc6 Rb6 50. Nd8+ Kf5 51. Nxf7 a3 52. Bd4 Kg6 53. Bxb6 Kxf7 54. Bd4 Kg6 55. Bf6 d4 56. Bxd4 Kxg5 57. Ba1 Kf5 58. Kd2 Ke4 59. Kc3 Kd5 60. Kb4 a2 61. Kc3 Kc5 62. Kb2 Kb4 63. Kxa2 c3 64. Kb1 Kb3 65. Kc1 c2 66. Bf6 Kc4 67. Bh4 Kd5 68. Bf2 Ke4 69. Ba7 Kd5 70. Bg1 Kc4 71. Ba7 Kb5 72. Bb8 Kc6 73. Bh2 Kb5 74. Bg3 Kc6 75. Bf2 Kb5 76. Bg1 Kc6 77. Bh2 Kb5 78. Bg3 Kc6 79. Bh4 Kb5 80. Bg5 Kc6 81. Bh6 Kb5 82. Bg7 Kc6 83. Bh8 Kb5 84. Bg7 Kc6 85. Bh6 Kb5 86. Bf8 Kc6 87. Bg7 Kb5 88. Bf6 Kc6 89. Bg5 Kd5 90. Bf4 Ke4 91. Bg3 Kf5 92. Bf2 Kg4 93. Bg1 Kf3 94. Bd4 Ke4 95. Bc3 Kd3 96. Bb2 Kc4 97. Ba3 Kb3 98. Be7 Kc3 99. Bf6+ Kd3 100. Bg5 Kc3 101. Bh4 Kd3 102. Bd8 Kc3 103. Ba5+ Kb3 104. Be1 Kc4 105. Bg3 Kb3 106. Bb8 Kc4 107. Bh2 Kb3 108. Bg1 Kc4 109. Ba7 Kb3 110. Be3 Kc4 111. Bf2 Kb3 112. Bg3 Kc4 113. Bh4 Kb3 114. Bg5 Kc4 115. Bf6 Kb3 1/2-1/2


[Site "https://www.chess.com"]

[Event "Titled Tuesday Blitz May 2 Late 2023"]
[White "Yeritsyan, Hayk"]
[Black "Estremera Panos, Sergio"]
[WhiteFideId "13307320"]
[BlackFideId "2200864"]
[WhiteElo "2241"]
[BlackElo "2253"]
[Result "1-0"]
[Round "07"]
[TimeControl "180+2"]
[Date "2023.05.02"]
[WhiteClock "0:01:41"]
[BlackClock "0:01:15"]

1. d4 d5 2. Nf3 Nf6 3. e3 e6 4. Bd3 c5 5. c3 Be7 6. Nbd2 O-O 7. Qe2 b6 8. e4 Bb7 9. O-O dxe4 10. Nxe4 Nxe4 11. Bxe4 Bxe4 12. Qxe4 Nd7 13. Be3 Nf6 14. Qc2 Qc7 15. Rad1 Rfd8 16. Rfe1 Nd5 17. Qe2 h6 18. h3 Bf6 19. dxc5 bxc5 20. Bc1 Nf4 21. Bxf4 Qxf4 22. Rxd8+ Rxd8 23. Rd1 Rxd1+ 24. Qxd1 Qc4 25. Qb3 Qe2 26. Qb8+ Kh7 27. Qxa7 Qxb2 28. Qxc5 Qc1+ 29. Kh2 Qf4+ 30. Kh1 Qc1+ 31. Ng1 Qxc3 32. Qxc3 Bxc3 33. Ne2 Ba5 34. a4 Kg6 35. Nd4 Kf6 36. Nc6 Be1 37. Kg1 e5 38. a5 Ke6 39. a6 Kd6 40. a7 Kxc6 41. a8=Q+ 1-0


[Site "https://www.chess.com"]

[Event "Titled Tuesday Blitz May 2 Late 2023"]
[White "Gurevich, Dmitry"]
[Black "Quirke, Jeffrey"]
[WhiteFideId "2000407"]
[BlackFideId "2013029"]
[WhiteElo "2506"]
[BlackElo "2007"]
[Result "1/2-1/2"]
[Round "07"]
[TimeControl "180+2"]
[Date "2023.05.02"]
[WhiteClock "0:00:36"]
[BlackClock "0:00:08"]

1. d4 e6 2. c4 b6 3. Nc3 Bb4 4. Bd2 Bb7 5. a3 Bxc3 6. Bxc3 Nf6 7. f3 O-O 8. Nh3 d5 9. e3 Nbd7 10. Nf2 c5 11. Be2 a5 12. O-O a4 13. dxc5 Nxc5 14. Bb4 Qd7 15. Nd3 Rfc8 16. Nxc5 bxc5 17. Bc3 Qe7 18. Qd2 Ba6 19. Bxf6 Qxf6 20. Rfc1 d4 21. exd4 Qxd4+ 22. Qxd4 cxd4 23. Kf1 Rab8 24. Rc2 Rb3 25. Rd1 e5 26. f4 f6 27. Ke1 Kf7 28. Bf3 Ke7 29. fxe5 fxe5 30. Kd2 Kd6 31. Bd5 Rcb8 32. Kc1 Rf8 33. Bf3 g5 34. c5+ Kc7 35. c6 Bd3 36. Rc5 e4 37. Bg4 Rfb8 38. Bf5 Rxa3 39. bxa3 Rb1+ 40. Kd2 Rb2+ 41. Ke1 Re2+ 42. Kf1 Rd2+ 43. Ke1 Re2+ 44. Kf1 Rd2+ 45. Ke1 Re2+ 1/2-1/2


[Site "https://www.chess.com"]

[Event "Titled Tuesday Blitz May 2 Late 2023"]
[White "Prydun, Andriy"]
[Black "Kalaiyalahan, Akshaya"]
[WhiteFideId "14145898"]
[BlackFideId "422894"]
[WhiteElo "2164"]
[BlackElo "2043"]
[Result "1-0"]
[Round "07"]
[TimeControl "180+2"]
[Date "2023.05.02"]
[WhiteClock "0:00:15"]
[BlackClock "0:00:09"]

1. e4 e6 2. d4 d5 3. exd5 exd5 4. c3 Nf6 5. Bg5 c6 6. Qf3 Be7 7. Bd3 h6 8. Bxf6 Bxf6 9. Ne2 O-O 10. O-O a5 11. Nd2 b6 12. Rfe1 Ba6 13. Nf4 Bxd3 14. Nxd3 Nd7 15. Re2 Re8 16. Rae1 Rxe2 17. Rxe2 Qc7 18. g3 a4 19. a3 Qd6 20. Nf4 Bg5 21. h4 Bxf4 22. Qxf4 Qxf4 23. gxf4 Kf8 24. Nf3 f6 25. h5 Re8 26. Kf1 b5 27. Rxe8+ Kxe8 28. Ke2 Nb6 29. Kd3 Nc4 30. Kc2 Ke7 31. Nh4 Ke6 32. f5+ Kf7 33. Kc1 Ke7 34. Kc2 Kd7 35. Kc1 Kd6 36. Kc2 c5 37. Nf3 Kc6 38. dxc5 Kxc5 39. Nd4 Nd6 40. f3 Kb6 41. Kd3 Kb7 42. Ke3 Kc8 43. Kf4 Nc4 44. Nxb5 Nxb2 45. Nd4 Nd3+ 46. Ke3 Nc5 47. Ne6 Nxe6 48. fxe6 Kc7 49. Kf4 Kd6 50. Kf5 Ke7 51. f4 Ke8 52. Kg6 1-0


[Site "https://www.chess.com"]

[Event "Titled Tuesday Blitz May 2 Late 2023"]
[White "Liu, Casper"]
[Black "Chemin, Justo Reinaldo"]
[WhiteFideId "1454153"]
[BlackFideId "2101580"]
[WhiteElo "2221"]
[BlackElo "1940"]
[Result "1-0"]
[Round "07"]
[TimeControl "180+2"]
[Date "2023.05.02"]
[WhiteClock "0:00:07"]
[BlackClock "0:00:01"]

1. e4 e6 2. d4 d5 3. e5 c5 4. c3 Qb6 5. Nf3 Bd7 6. Bd3 Nc6 7. O-O cxd4 8. cxd4 Nxd4 9. Nxd4 Qxd4 10. Nc3 Qb6 11. Na4 Qd8 12. Qb3 b6 13. Nc3 Ne7 14. Bg5 h6 15. Bh4 g5 16. Bg3 Nc6 17. f4 Bc5+ 18. Kh1 gxf4 19. Rxf4 Nxe5 20. Be2 Ng6 21. Rff1 O-O 22. Rae1 f5 23. Bh5 Qg5 24. Bxg6 Qxg6 25. a3 Bc6 26. Ne2 Rae8 27. Nf4 Qf7 28. Nd3 Bd4 29. Bd6 Bf6 30. Bxf8 Qxf8 31. Nf4 Qf7 32. Qg3+ Kh7 33. Qh3 Bxb2 34. Rf2 Bg7 35. Rc2 Bb7 36. Rec1 Re7 37. Rf1 e5 38. Nh5 f4 39. Nxg7 Qxg7 40. Qb3 d4 41. a4 e4 42. a5 d3 43. Ra2 e3 44. Qxd3+ 1-0


[Site "https://www.chess.com"]

[Event "Titled Tuesday Blitz May 2 Late 2023"]
[White "Kujawski, Adam"]
[Black "Dobrowolski, Piotr"]
[WhiteFideId "1100920"]
[BlackFideId "1106236"]
[WhiteElo "2054"]
[BlackElo "2320"]
[Result "0-1"]
[Round "07"]
[TimeControl "180+2"]
[Date "2023.05.02"]
[WhiteClock "0:00:01"]
[BlackClock "0:00:09"]

1. e4 e6 2. d4 d5 3. Nc3 Bb4 4. Ne2 Nc6 5. a3 Ba5 6. e5 f6 7. Nf4 Nh6 8. Qh5+ Nf7 9. exf6 Qxf6 10. Be3 Nxd4 11. O-O-O Bxc3 12. bxc3 Nf5 13. Bd3 g6 14. Qe2 Nxe3 15. Qxe3 O-O 16. Rhe1 Qxc3 17. Qg3 Qxa3+ 18. Kd2 Qb4+ 19. c3 Qb2+ 20. Bc2 Nd6 21. Nxg6 Nc4+ 22. Kd3 Rf6 23. Ne5+ Kf8 24. Nxc4 dxc4+ 25. Kd4 Qb6+ 26. Ke4 Qc6+ 27. Ke3 Qc5+ 28. Ke2 Qe7 29. Kf1 Bd7 30. Re5 Bc6 31. Rg5 Qf7 32. Re1 Rd8 33. Be4 Bxe4 34. Rxe4 Rd2 35. Re2 Rxe2 36. Kxe2 a5 37. f3 a4 0-1


[Site "https://www.chess.com"]

[Event "Titled Tuesday Blitz May 2 Late 2023"]
[White "De Souza, Cristiano Gomes"]
[Black "Martic, Ivan"]
[WhiteFideId "2151758"]
[BlackFideId "929301"]
[WhiteElo "2068"]
[BlackElo "2360"]
[Result "1-0"]
[Round "07"]
[TimeControl "180+2"]
[Date "2023.05.02"]
[WhiteClock "0:02:09"]
[BlackClock "0:01:38"]

1. d4 d5 2. c4 Nc6 3. Nf3 Bg4 4. Nc3 Bxf3 5. gxf3 e6 6. cxd5 exd5 7. Qb3 Bb4 8. e3 Nge7 9. Bd2 O-O 10. O-O-O Rb8 11. Kb1 a6 12. Rg1 b5 13. Bd3 Bxc3 14. Qxc3 a5 15. Bc2 a4 16. Qd3 f5 17. Rg3 b4 18. Rdg1 Rf7 19. h4 b3 20. axb3 axb3 21. Bxb3 Na5 22. Bxa5 Nc6 23. Bd2 1-0


[Site "https://www.chess.com"]